 Dungeon Crawl Stone Soup version 0.31-a0-233-g139696dc86 (webtiles) character file.

Game seed: 9560042120210982338

56 qw the Shooter (level 3, -8/29 HPs)
             Began as a Minotaur Hexslinger on July 7, 2023.
             Mangled by Eustachio
             ... wielding a +0 falchion
              (19 damage)
             ... on level 6 of the Dungeon.
             The game lasted 00:00:37 (1600 turns).

qw the Shooter (Minotaur Hexslinger)                Turns: 1600, Time: 00:00:37

Health: -8/29      AC:  3    Str: 14    XL:     3   Next: 71%
Magic:  3/3        EV:  2    Int: 10    God:
Gold:   89         SH:  0    Dex: 14    Spells: 3/4 levels left

rFire   . . .        Y - +1 sling
rCold   . . .        (no shield)
rNeg    . . .        g - +0 leather armour
rPois   +            b - +0 hat "Moeceosk" {Will+ Str+2}
rElec   +            (no cloak)
rCorr   +            (no gloves)
SInv    .            (no boots)
Will    +....        (no amulet)
Stlth   +            c - ring of Oschikyel {rElec rPois rCorr}
HPRegen 0.24/turn    (no ring)
MPRegen 0.08/turn

%: no passive effects
@: sleeping
A: horns 2, retaliatory headbutt
a: no special abilities


You were on level 6 of the Dungeon.
You visited 1 branch of the dungeon, and saw 4 of its levels.

You collected 89 gold pieces.


Innate Abilities, Weirdness & Mutations

You have a pair of horns on your head.
You reflexively headbutt those who attack you in melee.


   Skills:
 - Level 2.0 Fighting
 + Level 4.2 Ranged Weapons
 - Level 2.1 Dodging
 - Level 1.0 Spellcasting
 - Level 2.0 Hexes


You had 3 spell levels left.
You knew the following spells:

 Your Spells              Type           Power      Damage    Failure   Level
a - Slow                  Hex            16%        N/A       19%         1

Your spell library contained the following spells:

 Spells                   Type           Power      Damage    Failure   Level
 Inner Flame              Hex/Fire       2%         N/A       65%         3
 Portal Projectile        Hex/Tloc       4%         N/A       65%         3
 Cause Fear               Hex            2%         N/A       88%         4

Inventory:

Hand Weapons
 Y - a +1 sling (weapon)
Armour
 b - the +0 hat "Moeceosk" (worn) {Will+ Str+2}
   (You acquired it on level 2 of the Dungeon)

   Str:       It affects your strength (+2).
   Will:      It increases your willpower.
 g - a +0 leather armour (worn)
Jewellery
 c - the ring of Oschikyel (left hand) {rElec rPois rCorr}
   (You acquired it on level 2 of the Dungeon)

   [ring of resist corrosion]

   rElec:     It insulates you from electricity.
   rPois:     It protects you from poison.
   rCorr:     It protects you from acid and corrosion.
 e - a ring of wizardry
Scrolls
 a - a scroll of identify
Potions
 d - a potion of cancellation {unknown}
 j - a potion of attraction {unknown}

Dungeon Overview and Level Annotations

Branches:
Dungeon (6/15)
 Temple: D:4-7

Altars:

Annotations:
D:6 Eustachio


Message History

Eustachio and a sleepcap come into view.
You shoot a sling bullet.
The sling bullet closely misses Eustachio.
You shoot a sling bullet. The sling bullet hits Eustachio.
Eustachio is severely wounded.
You shoot a sling bullet. The sling bullet hits the sleepcap.
The sleepcap is lightly damaged.
The sleepcap closely misses you.
You shoot a sling bullet. The sling bullet hits the sleepcap.
The sleepcap is moderately damaged.
The sleepcap releases spores at you.
Eustachio gestures wildly while chanting.
Eustachio blinks!
You shoot a sling bullet. The sling bullet misses Eustachio.
The sleepcap releases spores at you. Eustachio hits you with a +0 falchion.
You shoot a sling bullet.
The sling bullet barely misses Eustachio.
The sleepcap releases spores at you.
Eustachio gestures wildly while chanting.
Eustachio blinks!
The sleepcap closely misses you.
You shoot a sling bullet.
The sling bullet hits the sleepcap but does no damage.
The sleepcap is moderately damaged.
You hear the slow rusting of a very distant drain.
The sleepcap closely misses you.
You shoot a sling bullet.
The sling bullet hits the sleepcap but does no damage.
The sleepcap is moderately damaged.
The sleepcap closely misses you. You furiously retaliate!
You headbutt the sleepcap! You shoot a sling bullet.
The sling bullet closely misses Eustachio.
The sleepcap barely misses you. Eustachio closely misses you.
You furiously retaliate!
You headbutt Eustachio. You shoot a sling bullet.
The sling bullet misses Eustachio.
The sleepcap releases spores at you.
You are engulfed in a cloud of soporific spores!
You fall asleep.
Eustachio hits you with a +0 falchion!!
Ouch! That really hurt!
You die...

##########
.#####.........
........f...... #.@#
#.@# ####
######..######.. #...
..........)..ยค..
#.#..
........#####..)
#.#.# #######.# #.#.#
###.#####..
#.#.#######..........
#.#.........#######..


You could see Eustachio and a sleepcap.

Vanquished Creatures
  An adder (D:2)
  2 worms (D:2)
  5 endoplasms (D:1)
  2 giant cockroaches (D:1)
  3 goblins
  5 hobgoblins
  4 jackals (D:1)
  2 kobolds (D:2)
  A quokka (D:1)
  4 ball pythons
  4 bats
  A frilled lizard (D:2)
  4 rats
38 creatures vanquished.

Notes
Turn   | Place    | Note
-------+----------+-------------------------------------------
     0 | D:1      | qw the Minotaur Hexslinger began the quest for the Orb.
     0 | D:1      | Reached XP level 1. HP: 16/16 MP: 1/1
     0 | D:1      | 0 ||| qw: Version: 0.3-a-46-gb1f654a
     0 | D:1      | 0 ||| qw: Game counter: 3069
     0 | D:1      | 0 ||| qw: Melee chars always use a shield: true
     0 | D:1      | 0 ||| qw: God list: Okawaru
     0 | D:1      | 0 ||| qw: Allow faded altars: false
     0 | D:1      | 0 ||| qw: Do Orc after clearing Dungeon:15 true
     0 | D:1      | 0 ||| qw: Do second Lair branch before Depths: true
     0 | D:1      | 0 ||| qw: Lair rune preference: random
     0 | D:1      | 0 ||| qw: Goals: Normal
     0 | D:1      | 0 ||| PLANNING D:1-11
   170 | D:1      | Reached skill level 3 in Ranged Weapons
   170 | D:1      | Reached XP level 2. HP: 12/23 MP: 2/2
   424 | D:1      | Found a faded altar of an unknown god.
   710 | D:1      | 710 ||| UPGRADING to +0 leather armour.
   720 | D:1      | 720 ||| DROPPING +0 robe.
   721 | D:1      | 721 ||| READING scroll labelled VUSCHE OHINOBAGG.
   722 | D:1      | 722 ||| READING scroll labelled LOSAFA YMISIRI.
   727 | D:1      | 727 ||| READING scroll labelled FAUZEGODYSO.
   728 | D:1      | 728 ||| READING scroll labelled ZOYTAD NICEKH.
   829 | D:1      | 829 ||| READING scroll labelled WEEBASUDER.
   830 | D:1      | 830 ||| READING scroll labelled GYTWUT COMOUM.
   831 | D:1      | 831 ||| DROPPING scroll of poison.
   855 | D:2      | 855 ||| STAIRDANCE
   858 | D:1      | Reached XP level 3. HP: 27/29 MP: 3/3
  1026 | D:2      | Reached skill level 4 in Ranged Weapons
  1514 | D:2      | 1514 ||| READING scroll labelled VIUGOA RUZEEMO.
  1515 | D:2      | 1515 ||| READING scroll labelled CENTIF MUTUSS.
  1516 | D:2      | 1516 ||| READING 2 scrolls labelled KIWETY SILLETE.
  1517 | D:2      | 1517 ||| READING 2 scrolls labelled OGISCHA REELL.
  1517 | D:2      | Identified 2 scrolls of acquirement
  1517 | D:2      | 1517 ||| ACQUIRING +0 hat "Moeceosk" {Will+ Str+2}
  1517 | D:2      | Acquired the +0 hat "Moeceosk" {Will+ Str+2}
  1519 | D:2      | 1519 ||| UPGRADING to +0 hat "Moeceosk" {Will+ Str+2}.
  1524 | D:2      | 1524 ||| READING scroll of acquirement.
  1524 | D:2      | 1524 ||| ACQUIRING ring of Oschikyel {rElec rPois rCorr}
  1524 | D:2      | Acquired the ring of Oschikyel {rElec rPois rCorr}
  1526 | D:2      | 1526 ||| UPGRADING to ring of Oschikyel {rElec rPois
                  | rCorr}.
  1527 | D:2      | 1527 ||| READING scroll labelled GAUTWEFAKA.
  1528 | D:2      | 1528 ||| DROPPING scroll of fog.
  1551 | D:3      | You fall into a shaft and drop 3 floors!
  1552 | D:6      | 1552 ||| PLANNING SEWER
  1574 | D:6      | Noticed Eustachio
  1600 | D:6      | Mangled by Eustachio

Levels and vault maps discovered:
D:1:      mrwooster_arrival_statue_3, layout_loops_cross,
          shapermc_ecumenical_altar_acropolis, minmay_misc_feat_nine_boxes
D:2:      layout_loops_ring
D:3:      layout_basic
D:6:      layout_loops_ring, lightli_sewer_entry_pipes, uniq_crazy_yiuf_cottage,
          uniq_eustachio

Skill      XL: |  1  2  3 |
---------------+----------+-----
Ranged Weapons | 3 4 |  4.2
Fighting       | 2 |  2.0
Dodging        | |  2.1
Spellcasting   | |  1.0
Hexes          | |  2.0

Action                     || total
---------------------------++-------
   Fire: Sling             ||   129
    Use: Scroll            ||    12
 Armour: Robe              ||    10
         Leather armour    ||     1
  Dodge: Dodged            ||    28

Table legend:
 A = Non-vault XP
 B = Vault XP
 C = Vault XP percentage of total XP
 D = Non-vault monster count
 E = Vault monster count
 F = Vault count percentage of total count
                 A         B        C        D         E       F
            +---------+---------+-------+---------+---------+-------
      Total |      81 |       0 |   0.0 |      38 |       0 |   0.0
            +---------+---------+-------+---------+---------+-------
        D:1 |      41 |       0 |   0.0 |      24 |       0 |   0.0
        D:2 |      40 |       0 |   0.0 |      14 |       0 |   0.0
            +---------+---------+-------+---------+---------+-------
